 Dungeon Crawl Stone Soup version 0.28-a0-1143-gcf6077d4cc (webtiles) character file.

Game seed: 5889921056742167506

3 spaghetti the Magician (level 1, 0/17 HPs)
             Began as a Djinni Summoner on Dec 14, 2021.
             Slain by a quokka (4 damage)
             ... on level 2 of the Dungeon.
             The game lasted 00:01:09 (726 turns).

spaghetti the Magician (Djinni Summoner)             Turns: 726, Time: 00:01:09

Health: 0/17       AC:  2    Str:  7    XL:     1   Next: 55%
Gold:   11         EV: 12    Int: 16    God:
                   SH:  0    Dex: 13

rFire   + + .      SeeInvis .   (no weapon)
rCold   x . .      Faith    .   (no shield)
rNeg    . . .      Spirit   .   a - +0 robe
rPois   ∞          Reflect  .   (no helmet)
rElec   .          Harm     .   (no cloak)
rCorr   .          Rampage  .   (no gloves)
Will    .....                   (boots unavailable)
Stlth   ++........              (no amulet)
HPRegen 0.05/turn               (no ring)
MPRegen 0.00/turn               (no ring)

@: flying
A: sickness immunity, fire resistance 2, cold vulnerability 1, float, innate
caster, hp casting, extra vitality 1
a: no special abilities


You were on level 2 of the Dungeon.
You visited 1 branch of the dungeon, and saw 2 of its levels.

You collected 11 gold pieces.


Innate Abilities, Weirdness & Mutations

You are immune to sickness and miasma.
You are immune to poison.
Your flesh is very heat resistant. (rF++)
You are vulnerable to cold. (rC-)
You float through the air rather than walking.
You learn spells naturally, not from books.
Your magical power is your life essence.
You have superior vitality. (+4 HP)


   Skills:
 + Level 1.0 Fighting
 - Level 2.1 Dodging
 - Level 1.5 Stealth
 - Level 3.2 Spellcasting


You couldn't memorise any spells.
You knew the following spells:

 Your Spells              Type           Power      Damage    Failure   Level
a - Summon Small Mammal   Summ           52%        N/A       4%          1
b - Call Imp              Summ           13%        N/A       7%          2
c - Call Canine Familiar  Summ           13%        N/A       14%         3
d - Summon Guardian Gole  Hex/Summ       13%        N/A       14%         3
e - Summon Lightning Spi  Summ/Air       13%        N/A       43%         4
Your spell library was empty.

Inventory:

Hand Weapons
 b - a +2 dagger of flaming {short}
   (You took it off a goblin on level 1 of the Dungeon)
Missiles
 d - 20 sling bullets
Armour
 a - a +0 robe (worn)
Scrolls
 c - 3 scrolls of identify {@r1}

Dungeon Overview and Level Annotations

Branches:
Dungeon (2/15)

Altars:

## .. # .# #.# .# .. #
#################.#.#...
#......@rrb.....#.....#
#.###########...<)#
#.....# #.....# #..b..#
#...#.# ....#.# ........
##.#.# .#


You could see a quokka (ally target), a friendly quokka (summoned) and a
friendly bat (summoned).


Message History

Your bat barely misses the hobgoblin.
Your bat closely misses the hobgoblin.
The hobgoblin hits you.
* * * LOW HITPOINT WARNING * * *
😨 HP[-3]
You take 3 damage, and now have 7/16 hp.
Unknown command.
You completely miss the hobgoblin.
Your bat hits the hobgoblin but does no damage.
Your bat misses the hobgoblin. The hobgoblin barely misses you.
Your bat hits the quokka.
Unknown command.
Unknown command.
You aren't carrying any items that you can evoke.
Unknown command.
Your bat hits the hobgoblin.
Your bat hits the quokka but does no damage.
Your bat misses the quokka. The quokka misses your bat.
The hobgoblin barely misses your bat.
Your bat hits the hobgoblin but does no damage.
The quokka bites your bat.
Your bat barely misses the quokka.
Something closely misses your bat. The hobgoblin misses your bat.
Your bat barely misses the quokka.
Your bat closely misses the quokka.
The quokka misses your bat.
Your bat closely misses the quokka.
Your bat misses the quokka. Something closely misses your bat.
Unknown command.
Your bat misses the quokka.
Your bat barely misses the hobgoblin.
Your bat hits the hobgoblin but does no damage. x2
The hobgoblin hits your bat.
Your bat dies!
Your bat's corpse disappears in a puff of smoke!
A goblin comes into view. It is wielding a +0 club.
The goblin shouts!
Your bat hits the hobgoblin but does no damage.
Your bat closely misses the quokka.
The goblin moves out of view.
Your bat hits the quokka but does no damage. x2
Casting: Summon Small Mammal (safe; 4% risk of failure)
Confirm with . or Enter, or press ? or * to list all spells.
* * * LOW HITPOINT WARNING * * *
Your bat barely misses the quokka.
Your bat misses the quokka. The quokka bites your bat.
Your bat completely misses the quokka.
Unknown command.
Unknown command.
You hit the quokka but do no damage.
Your bat hits the quokka but does no damage.
The quokka bites you.
* * * LOW HITPOINT WARNING * * *
😨 HP[-2]
You take 2 damage, and now have 5/16 hp.
Unknown command.
Unknown command.
You swap places.
Your bat hits the quokka but does no damage.
Your bat closely misses the quokka.
The quokka closely misses your rat. The quokka closely misses your bat.
Your rat barely misses the quokka.
Your bat hits the quokka but does no damage.
Your bat hits the quokka. The quokka bites your rat.
Your rat dies!
Your rat's corpse disappears in a puff of smoke!
A kobold comes into view. It is wielding a +0 short sword.
Your bat closely misses the quokka.
The quokka closely misses your bat.
Your bat hits the quokka but does no damage.
Your bat closely misses the goblin.
Your bat misses the goblin. Something misses your bat.
Your bat hits the goblin.
Your bat hits the quokka but does no damage.
There is a stone staircase leading down here.
The goblin misses you.
You fly downwards.
There is a stone staircase leading up here.
Unknown command.
Unknown command.
Unknown command.
Casting: Summon Small Mammal (safe; 4% risk of failure)
Confirm with . or Enter, or press ? or * to list all spells.
* * * LOW HITPOINT WARNING * * *
The goblin hits you but does no damage. 😱 HP[-1]
You take 1 damage, and now have 4/16 hp.
Unknown command.
Unknown command.
Unknown command.
Your bat hits the goblin. The goblin barely misses your bat.
Your bat hits the goblin.
The goblin dies!
Your Fighting skill increases to level 1!
You now have 17 max hp (+1).
Your bat hits the quokka but does no damage. 😨 HP[+1]
Casting: Summon Small Mammal (safe; 4% risk of failure)
Confirm with . or Enter, or press ? or * to list all spells.
* * * LOW HITPOINT WARNING * * *
Your bat hits the quokka but does no damage.
Your bat closely misses the quokka.
The quokka bites you but does no damage. 😱 HP[-1]
You take 1 damage, and now have 4/17 hp.
Your bat closely misses the quokka.
The quokka bites you.
You die...

Skill      XL: |  1 |
---------------+----+-----
Fighting       | 1 |  1.0
Dodging        | |  2.1
Stealth        | |  1.5
Spellcasting   | |  3.2

Action                   || total
-------------------------++-------
Melee: Unarmed           ||    27
 Cast: Summon Small Mamm ||    11
  Use: Scroll            ||     2
Armor: Robe              ||    12
Dodge: Dodged            ||    34

Levels and vault maps discovered:
D:1:      nzn_arrival_depleted_hourglass, layout_loops_ring,
          hellmonk_ecumenical_altar_inner_sanctum
D:2:      layout_basic

Notes
Turn   | Place    | Note
-------+----------+-------------------------------------------
     0 | D:1      | spaghetti the Djinni Summoner began the quest for the Orb.
     0 | D:1      | Reached XP level 1. HP: 15/15 MP: 0/0
     0 | D:1      | magus.rc [v1.9.6]
   719 | D:2      | Reached skill level 1 in Fighting
   726 | D:2      | Slain by a quokka

Vanquished Creatures
  A rat (D:1)
1 creature vanquished.

Vanquished Creatures (collateral kills)
  A ball python (D:1)
  A bat (D:1)
  2 goblins
4 creatures vanquished.

Grand Total: 5 creatures vanquished

Table legend:
 A = Non-vault XP
 B = Vault XP
 C = Vault XP percentage of total XP
 D = Non-vault monster count
 E = Vault monster count
 F = Vault count percentage of total count
                 A         B        C        D         E       F
            +---------+---------+-------+---------+---------+-------
      Total |       5 |       0 |   0.0 |       5 |       0 |   0.0
            +---------+---------+-------+---------+---------+-------
        D:1 |       4 |       0 |   0.0 |       4 |       0 |   0.0
        D:2 |       1 |       0 |   0.0 |       1 |       0 |   0.0
            +---------+---------+-------+---------+---------+-------

Illustrated notes

Table legend:
 A = Kills in this place as a percentage of kills in entire the game.
 B = Kills by you in this place as a percentage of kills by you in the entire game.
 C = Kills by friends in this place as a percentage of kills by friends in the entire game.
 D = Other kills in this place as a percentage of other kills in the entire game.
 E = Experience gained in this place as a percentage of experience gained in the entire game.
 F = Experience gained in this place divided by the number of levels of this place that you have seen.
                   A       B       C       D       E      F
               +-------+-------+-------+-------+-------+----------------------
         Total | 100.0 | 100.0 | 100.0 |   N/A | 100.0 |   2.5
       Dungeon | 100.0 | 100.0 | 100.0 |   N/A | 100.0 |   2.5
               +-------+-------+-------+-------+-------+----------------------

Table legend: (Time is in decaauts)
 A = Elapsed time spent in this place.
 B = Non-inter-level travel time spent in this place.
 C = Inter-level travel time spent in this place.
 D = Time resting spent in this place.
 E = Time spent auto-exploring this place.
 F = Levels seen in this place.
 G = Mean time per level.
                   A        B        C        D        E       F      G
               +--------+--------+--------+--------+--------+-----+--------+
         Total |    725 |    725 |      0 |    467 |    163 |   2 |  362.5 |
       Dungeon |    725 |    725 |      0 |    467 |    163 |   2 |  362.5 |
               +--------+--------+--------+--------+--------+-----+--------+

Top non-repeatable levels by time:
     D:1: 715 daAuts
     D:2: 10 daAuts
